 Dungeon Crawl Stone Soup version 0.30-a0-118-ga018f8e90f (webtiles) character file.

Game seed: 10246084902416015776

15588 quinnr the Destroyer (level 12, -2/68 HPs)
             Began as a Tengu Conjurer on Sept 13, 2022.
             Was a Priest of Vehumet.
             Slain by a purple ugly thing (6 damage)
             ... while petrified by a catoblepas
             ... on level 14 of the Dungeon on Sept 14, 2022.
             The game lasted 00:32:43 (14430 turns).

quinnr the Destroyer (Tengu Conjurer)              Turns: 14430, Time: 00:32:44

Health: -2/68      AC:  8    Str:  9    XL:     12   Next: 28%
Magic:  3/33       EV:  2    Int: 22    God:    Vehumet [***...]
Gold:   747        SH:  0    Dex: 13    Spells: 11/25 levels left

rFire   + . .      SeeInvis +    F - +6 whip (freeze)
rCold   + . .      Faith    .    G - +2 buckler {reflect}
rNeg    + + +      Spirit   .    a - +2 robe {rC+ rF+}
rPois   ∞          Reflect  +    (helmet restricted)
rElec   .          Harm     .    h - +2 cloak
rCorr   .          Rampage  .    H - +0 pair of gloves
Will    .....                    (boots unavailable)
Stlth   ++........               (no amulet)
HPRegen 0.21/turn                q - ring of magical power
MPRegen 0.23/turn                v - ring of see invisible

@: petrified, flying quickly and evasively, quick
A: beak, talons 3, nimble flight
a: Renounce Religion


You were on level 14 of the Dungeon.
You worshipped Vehumet.
Vehumet was most pleased with you.
You visited 2 branches of the dungeon, and saw 15 of its levels.
You also visited: Bailey.

You collected 895 gold pieces.
You spent 148 gold pieces at shops.


Innate Abilities, Weirdness & Mutations

You have a beak for a mouth.
You have claws for feet.
Your magical nature lets you fly swiftly and evasively.


   Skills:
 + Level 5.5 Fighting
 + Level 2.4 Maces & Flails
 + Level 10.3 Dodging
 - Level 2.0 Stealth
 - Level 4.0 Shields
 + Level 7.3 Spellcasting
 + Level 13.9 Conjurations
 - Level 3.0 Translocations
 - Level 4.0 Air Magic
 - Level 5.0 Earth Magic
 + Level 1.2 Poison Magic
 - Level 4.0 Evocations


You had 11 spell levels left.
You knew the following spells:

 Your Spells              Type           Power      Damage    Failure   Level
a - Magic Dart            Conj           100%       1d8       1%          1
m - Mephitic Cloud        Conj/Pois/Air  36%        N/A       1%          3
s - Searing Ray           Conj           100%       2d8       1%          2
w - Stone Arrow           Conj/Erth      98%        3d13      1%          3
z - Shock                 Conj/Air       100%       1d9       1%          1
X - Iskenderun's Mystic   Conj/Tloc      45%        2d10      1%          4

Your spell library contained the following spells:

 Spells                   Type           Power      Damage    Failure   Level
 Sandblast                Erth           60%        2d14      1%          1
 Dazzling Flash           Conj/Hex       76%        N/A       1%          3
 Fulminant Prism          Conj/Hex       19%        3d11      1%          4
 Passwall                 Tmut/Erth      15%        N/A       5%          2
 Swiftness                Air            25%        N/A       6%          3
 Frozen Ramparts          Ice            16%        1d3       9%          3
 Gell's Gravitas          Tloc           21%        N/A       9%          3
 Lesser Beckoning         Tloc           21%        N/A       9%          3
 Teleport Other           Tloc           21%        N/A       9%          3
 Ensorcelled Hibernation  Hex/Ice        16%        N/A       16%         2
 Ice Form                 Ice/Tmut       8%         N/A       69%         4
 Summon Ice Beast         Ice/Summ       8%         N/A       69%         4

Inventory:

Hand Weapons
 e - the +4 hammer of Modesty {vorpal, Int+4}
   (You found it on level 7 of the Dungeon)

   It inflicts extra damage upon your enemies.
   Int:       It affects your intelligence (+4).
 o - a +1 whip of electrocution
 B - a +2 dagger of protection
 F - a +6 whip of freezing (weapon)
Missiles
 D - 2 throwing nets {=f}
 M - 6 curare-tipped darts {=f}
Armour
 a - a +2 robe of resistance (worn)
 h - a +2 cloak (worn)
 E - a +0 buckler
 G - a +2 buckler of reflection (worn)
 H - a +0 pair of gloves (worn)
 J - a +2 robe of fire resistance
Jewellery
 q - a ring of magical power (left hand)
 v - a ring of see invisible (right hand)
 x - a ring of resist corrosion
 C - a ring of ice
Wands
 c - a wand of roots (8)
 w - a wand of paralysis (9)
 I - a wand of polymorph (5)
 K - a wand of light (9)
Scrolls
 g - 4 scrolls of vulnerability
 k - 2 scrolls of fear
 m - a scroll of amnesia
 n - a scroll of poison
 r - 2 scrolls of immolation
 s - 3 scrolls of butterflies
 u - 2 scrolls of teleportation {@r2}
 y - 2 scrolls of identify {@r1}
 L - a scroll of blinking {unknown}
Potions
 b - 5 potions of magic
 d - 5 potions of curing {@q1}
 f - 4 potions of brilliance
 i - 5 potions of heal wounds {@q2}
 j - 2 potions of mutation
 l - 2 potions of might {unknown}
 p - 2 potions of invisibility
 t - 3 potions of resistance
 z - 3 potions of ambrosia
 A - 4 potions of haste {@q3}

Dungeon Overview and Level Annotations

Branches:
Dungeon (14/15)            Temple (1/1) D:5             Orc (0/2) D:10
 Bailey (visited)
   Lair: D:8-11      Vaults: D:13-14

Altars:
Ashenzari
Cheibriados
Dithmenos
Elyvilon
Fedhas
Gozag
Hepliaklqana
Kikubaaqudgha
Makhleb
Nemelex Xobeh
Okawaru
Qazlal
Ru
Sif Muna
Trog
Uskayaw
Vehumet
Wu Jian
Xom
Yredelemnul
Zin
The Shining One

Shops:
D:6 [ D:10

[ #. #. ##.
.. # #.
#.#.##
####..u.#
......u@#
####..uu[..▓
#....#.#▓
#......#
###.## # #.
#+


You could see 4 ugly things.


Message History

The brown ugly thing closely misses you.
You have turned to stone.
The brown ugly thing engulfs you!
You are splashed with acid!
Your surroundings suddenly seem different. 4 purple ugly things come into view.
Found a robe.
The purple ugly thing gurgles horribly! x4
The purple ugly thing trunk-slaps you. The purple ugly thing tail-slaps you!
The purple ugly thing kicks you. The purple ugly thing trunk-slaps you!
The purple ugly thing kicks you but does no damage.
The purple ugly thing tail-slaps you!
The purple ugly thing basks in the mutagenic energy from its kin and changes! x2
The purple ugly thing kicks you.
The purple ugly thing barely misses you.
The purple ugly thing tail-slaps you! The purple ugly thing kicks you!
* * * LOW HITPOINT WARNING * * *
The purple ugly thing kicks you but does no damage.
The purple ugly thing tail-slaps you!
* * * LOW HITPOINT WARNING * * *
The cyan ugly thing trunk-slaps you!
* * * LOW HITPOINT WARNING * * *
The cyan ugly thing shocks you!
* * * LOW HITPOINT WARNING * * *
The white ugly thing stings you.
* * * LOW HITPOINT WARNING * * *
The white ugly thing freezes you! You resist.
* * * LOW HITPOINT WARNING * * *
The purple ugly thing tail-slaps you!
You die...

Skill      XL: |  1  2  3  4  5  6  7  8  9 10 11 12 |
---------------+-------------------------------------+-----
Conjurations   | 6 7 8 9 10 13 | 13.9
Fighting       | 1 4 5 |  5.5
Translocations | 1 2 3 |  3.0
Shields        | 1 2 4 |  4.0
Dodging        | 3 5 8 10 | 10.3
Spellcasting   | 4 6 7 |  7.3
Air Magic      | 4 |  4.0
Earth Magic    | 5 |  5.0
Evocations     | 4 |  4.0
Maces & Flails | 1 2 |  2.4
Poison Magic   | 1 |  1.2
Stealth        | |  2.0

Action                   |  1- 3 |  4- 6 |  7- 9 | 10-12 || total
-------------------------+-------+-------+-------+-------++-------
Melee: Unarmed           |     2 |       |     6 |       ||     8
       Kick              |     2 |     1 |     1 |     4 ||     8
       Peck              |     2 |     1 |       |     5 ||     8
       Whip              |     3 |     8 |     2 |     1 ||    14
       Mace              |       |       |       |    12 ||    12
 Cast: Magic Dart        |    64 |    45 |    46 |   158 ||   313
       Searing Ray       |       |    10 |    38 |    67 ||   115
       Iskenderun's Myst |       |     1 |    12 |    36 ||    49
       Shock             |       |       |       |    18 ||    18
       Stone Arrow       |       |       |       |    48 ||    48
       Mephitic Cloud    |       |       |       |     4 ||     4
Evoke: Wand              |       |       |     1 |     9 ||    10
  Use: Potion            |       |     2 |     1 |       ||     3
       Scroll            |       |       |    11 |    13 ||    24
 Stab: Sleeping          |       |     1 |       |       ||     1
       Petrified         |       |       |       |     1 ||     1
Armor: Robe              |     1 |     4 |     8 |    32 ||    45
Dodge: Dodged            |    10 |    12 |    42 |   127 ||   191
Block: Buckler           |       |       |    14 |    53 ||    67
       Reflection        |       |       |     3 |     5 ||     8

Levels and vault maps discovered:
D:1:      shiori_arrival_whats_in_store_for_you, layout_rooms
D:2:      layout_loops_corners, dreamdust_ecumenical_altar_sealed_demon,
          serial_forest, infiniplex_forest_end_double,
          infiniplex_forest_lined_room_, infiniplex_forest_lined_room_2,
          infiniplex_forest_clump_small, infiniplex_forest_lined_4_way,
          infiniplex_forest_clump_double, infiniplex_forest_lined_room_2,
          infiniplex_forest_clump_curved, minivault_25,
          kennysheep_generic_room_3
D:3:      layout_basic, mainiacjoe_overflow_two_lobes,
          mainiacjoe_overflow_catwalk_spiral
D:4:      layout_basic, small_statue_intersection
D:5:      layout_gridville, temple_pool_b
D:6:      layout_cave_pools, serial_shops, nicolae_shop_advertising_works
          [nicolae_subvault_shop_adworks], kennysheep_doodads
D:7:      layout_gridville, uniq_duvessa, uniq_crazy_yiuf_cottage,
          uniq_menkaure, uniq_pikel
D:8:      layout_gridville, dpeg_lair_monsters, uniq_erica
D:9:      layout_cave_pods, mainiacjoe_overflow_24_doors, kennysheep_path_1,
          fountainhead
D:10:     layout_loops_ring, orc_david_3, enter_bailey_5, wad_rectangle_vault
D:11:     layout_rooms, dreamdust_gnoll_shepherd
D:12:     layout_stronghold, gammafunk_ghost_split, minmay_misc_feat_chi
D:13:     minmay_the_grid_octo_tiled_octocenter_mashed
          [minmay_the_grid_octo_clover_2, minmay_the_grid_octo_concentric,
          minmay_the_grid_octo_tetromino_candy, minmay_the_grid_octo_odd_swirl,
          minmay_the_grid_octo_prize_ultimate_mussel_roller,
          minmay_the_grid_square_5x5_one_wall,
          minmay_the_grid_square_5x5_gyroscope,
          minmay_the_grid_square_5x5_two_walls_a,
          minmay_the_grid_square_5x5_shrine2], layout_loops_ring,
          grunt_vaults_entry_fortified
D:14:     kennysheep_treasure_stockpile, layout_loops_corners,
          chequers_serial_rivers_micro_d, serial_glass, glass_columns_a,
          glass_columns_c
Temple:   minmay_temple_bridge_d

Notes
Turn   | Place    | Note
-------+----------+-------------------------------------------
     0 | D:1      | quinnr the Tengu Conjurer began the quest for the Orb.
     0 | D:1      | Reached XP level 1. HP: 10/10 MP: 4/4
     3 | D:1      | Noticed a demonspawn zombie
    13 | D:1      | Noticed a minotaur zombie
    15 | D:1      | Noticed a minotaur zombie
   253 | D:1      | Reached XP level 2. HP: 15/15 MP: 4/6
   293 | D:1      | Reached skill level 6 in Conjurations
   904 | D:2      | Reached XP level 3. HP: 19/19 MP: 2/7
  1610 | D:2      | Found a faded altar of an unknown god.
  1654 | D:2      | Reached skill level 1 in Fighting
  1657 | D:2      | Learned a level 2 spell: Searing Ray
  2060 | D:3      | Reached skill level 7 in Conjurations
  2068 | D:3      | Reached XP level 4. HP: 25/25 MP: 8/8
  2116 | D:3      | Found a basalt altar of Yredelemnul.
  2251 | D:3      | Found an opulent altar of Gozag.
  2703 | D:3      | Found a shimmering blue altar of Sif Muna.
  2736 | D:3      | Found a shadowy altar of Dithmenos.
  2835 | D:4      | Identified the +6 sling "Impslayer" {vorpal, Will- Str+2
                  | Dex+8 Stlth-}
  3263 | D:4      | Gained mutation: Your magical nature lets you fly swiftly
                  | and evasively. [Tengu growth]
  3263 | D:4      | Reached XP level 5. HP: 29/29 MP: 9/9
  3329 | D:4      | Reached skill level 8 in Conjurations
  3787 | D:5      | Entered Level 5 of the Dungeon
  3899 | D:5      | Learned a level 4 spell: Iskenderun's Mystic Blast
  3992 | D:5      | Reached skill level 1 in Translocations
  4170 | D:5      | Found a staircase to the Ecumenical Temple.
  4181 | Temple   | Entered the Ecumenical Temple
  4243 | Temple   | Became a worshipper of Vehumet
  4267 | D:5      | Noticed a vampire
  4285 | D:5      | Reached XP level 6. HP: 34/34 MP: 10/10
  4586 | D:5      | Reached skill level 9 in Conjurations
  4720 | D:5      | Reached skill level 2 in Translocations
  4963 | D:5      | HP: 3/34 [vampire (2)]
  4971 | D:5      | Killed a vampire
  4972 | D:5      | Reached skill level 1 in Shields
  4972 | D:5      | Reached XP level 7. HP: 22/38 MP: 6/11
  5135 | D:6      | Reached skill level 3 in Dodging
  5453 | D:6      | Reached skill level 2 in Shields
  5453 | D:6      | Reached skill level 3 in Translocations
  5628 | D:6      | Reached skill level 10 in Conjurations
  5988 | D:6      | Reached XP level 8. HP: 43/43 MP: 12/12
  6037 | D:6      | Found Uklan's Armour Emporium.
  6041 | D:6      | Reached skill level 3 in Shields
  6085 | D:6      | Bought a +1 buckler of reflection for 148 gold pieces
  6212 | D:7      | Noticed Menkaure
  6216 | D:7      | Killed Menkaure
  6290 | D:7      | Identified 3 potions of resistance
  6450 | D:7      | Reached skill level 4 in Shields
  6512 | D:7      | Reached * piety under Vehumet
  6512 | D:7      | Offered knowledge of Shock by Vehumet.
  6513 | D:7      | Reached skill level 11 in Conjurations
  6815 | D:7      | Noticed Duvessa
  6820 | D:7      | Noticed Pikel
  6886 | D:7      | Killed Pikel
  6887 | D:7      | Reached skill level 13 in Conjurations
  6887 | D:7      | Reached XP level 9. HP: 23/47 MP: 1/13
  7068 | D:7      | Found a runed translucent door.
  7069 | D:7      | Noticed Crazy Yiuf
  7075 | D:7      | Killed Crazy Yiuf
  7119 | D:7      | Identified the +4 hammer of Modesty {vorpal, Int+4}
  7343 | D:7      | Noticed Dowan
  7444 | D:7      | Killed Duvessa
  7464 | D:7      | Killed Dowan
  7548 | D:7      | Reached skill level 2 in Fighting
  7799 | D:7      | Reached skill level 4 in Dodging
  7799 | D:7      | Reached skill level 3 in Spellcasting
  7954 | D:8      | Reached skill level 3 in Fighting
  8123 | D:8      | Identified a +2 robe of resistance
  8123 | D:8      | Noticed Erica
  8153 | D:8      | Killed Erica
  8154 | D:8      | Reached skill level 4 in Fighting
  8154 | D:8      | Reached skill level 5 in Dodging
  8154 | D:8      | Reached skill level 4 in Spellcasting
  8154 | D:8      | Reached XP level 10. HP: 13/58 MP: 9/17
  8458 | D:8      | Noticed a death yak
  8639 | D:9      | Reached skill level 6 in Dodging
  8641 | D:9      | Learned a level 1 spell: Shock
  8761 | D:9      | Reached skill level 5 in Spellcasting
  8761 | D:9      | Reached skill level 1 in Air Magic
  8765 | D:9      | Reached skill level 5 in Fighting
  8765 | D:9      | Reached skill level 2 in Air Magic
  8766 | D:9      | Reached skill level 3 in Air Magic
  8888 | D:9      | Reached skill level 4 in Air Magic
  9042 | D:9      | Found a burning altar of Makhleb.
  9259 | D:8      | Offered knowledge of Poisonous Vapours by Vehumet.
  9259 | D:8      | Noticed a death yak
  9260 | D:8      | Noticed a death yak
  9264 | D:9      | Reached ** piety under Vehumet
  9676 | D:9      | Noticed a two-headed ogre
  9692 | D:9      | Killed a two-headed ogre
  9693 | D:9      | Reached skill level 7 in Dodging
  9693 | D:9      | Reached skill level 6 in Spellcasting
 10128 | D:10     | Entered Level 10 of the Dungeon
 10344 | D:10     | Reached skill level 8 in Dodging
 10348 | D:10     | Reached XP level 11. HP: 42/63 MP: 10/22
 10355 | D:10     | Reached skill level 7 in Spellcasting
 10445 | D:10     | Found a flagged portal.
 10463 | Bailey   | Entered a bailey
 10525 | Bailey   | Learned a level 3 spell: Stone Arrow
 11097 | Bailey   | Offered knowledge of Kindle Blastsparks by Vehumet.
 11198 | D:10     | Reached skill level 1 in Earth Magic
 11339 | D:10     | Noticed a two-headed ogre
 11378 | D:10     | Killed a two-headed ogre
 11379 | D:10     | Reached skill level 9 in Dodging
 11379 | D:10     | Reached skill level 2 in Earth Magic
 11686 | D:10     | Reached *** piety under Vehumet
 11898 | D:10     | Found a staircase to the Orcish Mines.
 11900 | D:10     | Found Kutemoz's Armour Boutique.
 12289 | D:10     | Reached skill level 3 in Earth Magic
 12543 | D:11     | Noticed a two-headed ogre
 12605 | D:10     | Killed a two-headed ogre
 12606 | D:10     | Reached skill level 1 in Evocations
 12714 | D:10     | Reached skill level 10 in Dodging
 12731 | D:10     | Reached skill level 2 in Evocations
 12894 | D:11     | Offered knowledge of Mephitic Cloud by Vehumet.
 12912 | D:10     | Learned a level 3 spell: Mephitic Cloud
 13072 | D:11     | Noticed a two-headed ogre
 13076 | D:11     | Reached skill level 4 in Earth Magic
 13077 | D:11     | Killed a two-headed ogre
 13078 | D:11     | Reached skill level 3 in Evocations
 13328 | D:11     | Reached skill level 4 in Evocations
 13349 | D:11     | Reached skill level 5 in Earth Magic
 13654 | D:12     | You are sucked into a shaft and drop 2 floors!
 13765 | D:13     | Noticed a centaur warrior
 13776 | D:13     | Killed a centaur warrior
 13777 | D:13     | Reached skill level 1 in Maces & Flails
 13777 | D:13     | Reached XP level 12. HP: 66/68 MP: 23/23
 13803 | D:13     | Noticed a fire dragon
 13808 | D:13     | Noticed a centaur warrior
 13810 | D:13     | Noticed a boulder beetle
 14128 | D:14     | Noticed a boulder beetle
 14139 | D:14     | Killed a boulder beetle
 14140 | D:14     | Reached skill level 2 in Maces & Flails
 14322 | D:14     | Reached skill level 1 in Poison Magic
 14392 | D:14     | Noticed a catoblepas
 14429 | D:14     | HP: 4/68 [white ugly thing (7)]
 14430 | D:14     | Slain by a purple ugly thing

Vanquished Creatures
  Erica (D:8)
  A centaur warrior (D:13)
  A boulder beetle (D:14)
  4 two-headed ogres
  Pikel (D:7)
  An ugly thing (D:14)
  A deep elf pyromancer (D:14)
  A gargoyle (D:10)
  An efreet (D:13)
  An unseen horror (D:11)
  A komodo dragon (D:11)
  A tengu conjurer (D:13)
  A troll (D:10)
  A hornet (D:10)
  2 dream sheep (D:11)
  2 vampires
  A wraith (D:10)
  A centaur simulacrum (D:13)
  24 yaks
  2 shadows (D:10)
  2 wyverns (D:9)
  3 vampire mosquitoes (D:10)
  Menkaure (D:7)
  A water moccasin (D:6)
  Duvessa (D:7)
  3 orc warriors
  A sky beast (D:7)
  An ice beast (D:6)
  8 centaurs
  2 lemures (D:7)
  A kobold brigand (D:6)
  2 gnoll sergeants
  4 bullfrogs
  A necrophage (D:5)
  Dowan (D:7)
  7 killer bees
  2 howler monkeys
  3 hounds (D:5)
  3 jellies
  Crazy Yiuf (D:7)
  2 orc priests (D:9)
  A gnoll bouda (D:11)
  2 iguanas
  6 orc wizards
  18 gnolls
  6 adders
  A shadow imp (D:7)
  2 dart slugs (D:2)
  28 orcs
  4 bats (D:1)
  4 endoplasms
  3 giant cockroaches (D:1)
  8 goblins
  7 hobgoblins
  3 jackals (D:3)
  3 quokkas
  3 ball pythons
  3 frilled lizards
  6 kobolds
  4 rats
211 creatures vanquished.

Vanquished Creatures (others)
  A centaur simulacrum (D:13)
  2 plants (D:2)
3 creatures vanquished.

Grand Total: 214 creatures vanquished

Table legend: (Time is in decaauts)
 A = Elapsed time spent in this place.
 B = Non-inter-level travel time spent in this place.
 C = Inter-level travel time spent in this place.
 D = Time resting spent in this place.
 E = Time spent auto-exploring this place.
 F = Levels seen in this place.
 G = Mean time per level.
                   A        B        C        D        E       F      G
               +--------+--------+--------+--------+--------+-----+--------+
         Total |  13939 |  13601 |    338 |   1344 |  10116 |  16 |  871.2 |
       Dungeon |  13200 |  12880 |    320 |   1289 |   9618 |  14 |  942.9 |
        Temple |     74 |     56 |     18 |      0 |     40 |   1 |   74.0 |
        Bailey |    664 |    664 |      0 |     55 |    457 |   1 |  664.0 |
               +--------+--------+--------+--------+--------+-----+--------+

Top non-repeatable levels by time:
     D:7: 2013 daAuts
    D:10: 1987 daAuts
     D:9: 1674 daAuts
     D:5: 1396 daAuts
     D:2: 1195 daAuts
     D:4: 920 daAuts
     D:3: 851 daAuts
     D:6: 845 daAuts
     D:1: 770 daAuts
    D:14: 675 daAuts
  Bailey: 664 daAuts
    D:11: 611 daAuts
     D:8: 195 daAuts
  Temple: 74 daAuts
    D:13: 60 daAuts

Table legend:
 A = Non-vault XP
 B = Vault XP
 C = Vault XP percentage of total XP
 D = Non-vault monster count
 E = Vault monster count
 F = Vault count percentage of total count
                 A         B        C        D         E       F
            +---------+---------+-------+---------+---------+-------
      Total |   15685 |    6584 |  29.6 |     158 |      51 |  24.4
            +---------+---------+-------+---------+---------+-------
        D:1 |      26 |       0 |   0.0 |      15 |       0 |   0.0
        D:2 |      43 |       4 |   8.5 |      12 |       1 |   7.7
        D:3 |      40 |       0 |   0.0 |      16 |       0 |   0.0
        D:4 |      65 |       0 |   0.0 |       4 |       0 |   0.0
        D:5 |     552 |       0 |   0.0 |      11 |       0 |   0.0
        D:6 |     513 |       0 |   0.0 |      13 |       0 |   0.0
        D:7 |    1477 |    1068 |  42.0 |      19 |       5 |  20.8
        D:8 |     449 |     842 |  65.2 |       4 |       1 |  20.0
        D:9 |    2892 |     130 |   4.3 |      27 |       1 |   3.6
       D:10 |    5183 |    1353 |  20.7 |      21 |      15 |  41.7
       D:11 |    2839 |     532 |  15.8 |      13 |       3 |  18.8
       D:13 |       0 |    1770 | 100.0 |       0 |       4 | 100.0
       D:14 |    1606 |     600 |  27.2 |       3 |       1 |  25.0
     Bailey |       0 |     285 | 100.0 |       0 |      20 | 100.0
            +---------+---------+-------+---------+---------+-------
